 Dungeon Sprint DCSS version 0.16-a0-44-gd96af6c (webtiles) character file.

6698 BluebellGnoll the Spry (level 10, -1/51 HPs)
             Began as a Felid Transmuter on Aug 4, 2014.
             Was the Champion of Vehumet.
             Slain by a fire giant (illusionary)
             ... wielding a +2 great sword of flaming
              (22 damage)
             ... in the Dungeon (Sprint IX: "|||||||||||||||||||||||||||||") on Aug 5, 2014.
             The game lasted 00:45:24 (4760 turns).

BluebellGnoll the Spry (Felid Transmuter)           Turns: 4760, Time: 00:45:24

HP  -1/51        AC  2     Str  6      XL: 10   Next: 74%
MP  16/35        EV 32     Int 18      God: Vehumet [******]
Gold 631         SH  0     Dex 17      Spells:  9 memorised,  8 levels left
Lives: 0, deaths: 3

rFire  + . .     SeeInvis +       - Unarmed
rCold  x . .     Clarity  .     (armour unavailable)
rNeg   . . .     rCorr    .     (shield unavailable)
rPois  .         rRot     .     (helmet unavailable)
rElec  .         Spirit   .     (cloak unavailable)
SustAb .         Warding  .     (gloves unavailable)
rMut   .         NoTele   +     (boots unavailable)
Gourm  .                        (no amulet)
MR     +....                    B - ring of wizardry
                                E - ring of fire

@: very slightly contaminated, quick, somewhat resistant to hostile
enchantments, very stealthy
A: paw claws, no armour, no weapons or thrown items, fangs 3, see invisible,
carnivore 3, speed 1, shaggy fur 2, slow metabolism 1, jump 2
a: Jump Attack, Renounce Religion


You were in the Dungeon.
You worshipped Vehumet.
Vehumet was exalted by your worship.
You were not hungry.

You visited 1 branch You collected 1917 gold pieces.
You spent 1286 gold pieces at shops.

Inventory:

Magical devices
 k - a wand of draining (6)
Comestibles
 a - 13 meat rations
 C - a rotting chunk of ogre flesh
Scrolls
 g - 4 scrolls of remove curse
 i - 3 scrolls of amnesia
 p - 5 scrolls of fog
 r - 3 scrolls of fear
 u - 4 scrolls of identify
 v - a scroll of silence
 x - 2 scrolls of immolation
 y - a scroll of magic mapping
 z - a scroll of recharging
 A - a scroll of holy word
Jewellery
 l - a +3 ring of dexterity
 m - a +2 ring of evasion
 B - a ring of wizardry (right paw)
 D - an uncursed ring of protection from cold
 E - a ring of fire (left paw)
 F - an uncursed ring of protection from magic
Potions
 c - a potion of invisibility
 e - 2 potions of heal wounds
 f - 7 potions of curing
 h - 4 potions of magic
 n - 2 potions of brilliance
 o - a potion of haste
 q - a potion of cancellation
 s - a potion of resistance
 G - a potion of cure mutation
Books
 d - a book of Changes

   Spells                             Type                      Level
   *Beastly Appendage                 Transmutation                1
   *Sticks to Snakes                  Transmutation                2
   *Spider Form                       Transmutation/Poison         3
   *Ice Form                          Ice/Transmutation            4
   *Blade Hands                       Transmutation                5


   Skills:
 - Level 10.0 Fighting
 - Level 16.5 Dodging
 - Level 11.0 Stealth
 - Level 15.4 Unarmed Combat
 + Level 16.4 Spellcasting
 - Level 3.7 Conjurations
 - Level 10.3 Transmutations
 - Level 3.8 Fire Magic
 - Level 4.2 Air Magic


You had 8 spell levels left.
You knew the following spells:

 Your Spells              Type           Power        Failure   Level  Hunger
a - Ice Form              Ice/Trmt       ###.....     2%          4    None
b - Blade Hands           Trmt           ######....   1%          5    ##.....
c - Spider Form           Trmt/Pois      ####......   1%          3    None
d - Lightning Bolt        Conj/Air       ####......   3%          5    ##.....
e - Sticky Flame          Conj/Fire      #####...     1%          4    None
f - Throw Frost           Conj/Ice       ##....       1%          2    None
g - Sticks to Snakes      Trmt           ######....   1%          2    None
h - Beastly Appendage     Trmt           ######       1%          1    None
i - Orb of Destruction    Conj           ####......   83%         7    ######.


Dungeon Overview and Level Annotations

Branches:
Dungeon (1/1)

Altars:
Cheibriados
Dithmenos
Elyvilon
Fedhas
Gozag
Kikubaaqudgha
Makhleb
Nemelex Xobeh
Okawaru
Qazlal
Sif Muna
Trog
Vehumet
Xom
Yredelemnul
Zin
The Shining One
Beogh
Jiyva
Lugonu

Shops:
D ?=**


Innate Abilities, Weirdness & Mutations

You cannot wear armour.
You are incapable of wielding weapons or throwing items.
Your paws have sharp claws.
You have razor-sharp teeth.
You have supernaturally acute eyesight.
You are carnivorous and can eat meat at any time.
You cover ground quickly.
You are covered in thick fur (AC +2).
You have a slow metabolism.
You can jump attack at a medium distance.


Message History

Confirm with . or Enter, or press ? or * to list all spells.
Aiming: Lightning Bolt
Press: ? - help, Shift-Dir - straight line, f/p - fire giant
Aim: a fire giant, wielding a +2 great sword of flaming (almost dead)
You hear a mighty clap of thunder!
The bolt of lightning hits the fire giant.
The fire giant is almost dead.
The bolt of lightning hits the fire giant.
The fire giant appears unharmed.
The fire giant is heavily wounded.
The bolt of lightning hits the fire giant.
The fire giant is almost dead.
The bolt of lightning hits the fire giant.
The fire giant is heavily wounded.
The bolt of lightning hits the fire giant.
The fire giant is moderately wounded.
The bolt of lightning hits the rakshasa.
The rakshasa is moderately wounded.
The fire giant hits you with a +2 great sword of flaming!!
You die...

..'......(..?..?'.........'......
▓▓▓▓▓▓▓▓▓▓▓▓▓▓▓▓▓▓▓▓▓▓▓▓▓▓▓▓▓▓▓▓▓
.)...............................
▓▓▓▓▓▓▓▓▓▓▓▓▓▓▓▓▓▓▓▓▓▓▓▓▓▓▓▓▓▓▓▓▓
.[[...).'.[[[[[).[)...'[.........
▓▓▓▓▓▓▓▓▓▓▓▓▓▓▓▓▓▓▓▓▓▓▓▓▓▓▓▓▓▓▓▓▓
((.........).....................
▓▓▓▓▓▓▓▓▓▓▓▓▓▓▓▓▓▓▓▓▓▓▓▓▓▓▓▓▓▓▓▓▓
....(=....))))))@CCCCCR[[[R......
▓▓▓▓▓▓▓▓▓▓▓▓▓▓▓▓▓▓▓▓▓▓▓▓▓▓▓▓▓▓▓▓▓


You could see 5 fire giants and a rakshasa.

Vanquished Creatures
  A stone giant (D)
  Josephine (D)
  A rakshasa (D)
  2 ugly things (D)
  An ogre mage (D)
  A deep troll earth mage (D)
  6 death yaks (D)
  6 orc high priests (D)
  An unseen horror (D)
  Erolcha (D)
  A hill giant (D)
  3 orc knights (D)
  An orc sorcerer (D)
  A cyclops (D)
  A smoke demon (D)
  A spiny frog (D)
  2 black mambas (D)
  2 orange demons (D)
  A hellwing (D)
  An elf (shapeshifter) (D)
  A yaktaur (shapeshifter) (D)
  A trapdoor spider (D)
  A shadow (D)
  2 yaks (D)
  A slime creature (D)
  A ynoxinul (D)
  A hippogriff (D)
  2 vampires (D)
  A porcupine (D)
  9 orc warriors (D)
  2 crocodiles (D)
  An ogre (D)
  4 giant frogs (D)
  A killer bee (D)
  10 orc priests (D)
  A hound (D)
  An iguana (D)
  5 orc wizards (D)
  3 adders (D)
  2 green rats (D)
  2 ufetubi (D)
  An adder skeleton (D)
  An adder zombie (D)
  4 orcs (D)
  3 giant cockroaches (D)
  A goblin (D)
  A hobgoblin (D)
  A quokka (D)
  A bat simulacrum (D)
  A giant gecko (D)
  A giant newt (D)
  A giant newt skeleton (D)
  A goblin simulacrum (D)
  A hobgoblin skeleton (D)
  A hobgoblin zombie (D)
  2 rats (D)
108 creatures vanquished.

Vanquished Creatures (collateral kills)
  A yak (D)
  2 porcupines (D)
  2 adders (D)
  A green rat (D)
6 creatures vanquished.

Vanquished Creatures (others)
  A plant (D)
1 creature vanquished.

Grand Total: 115 creatures vanquished

Notes
Turn   | Place    | Note
--------------------------------------------------------------
     0 | D        | BluebellGnoll, the Felid Transmuter, began the quest for the Orb.
     0 | D        | Reached XP level 1. HP: 9/9 MP: 4/4
    10 | D        | Reached skill level 4 in Unarmed Combat
   138 | D        | Reached XP level 2. HP: 8/14 MP: 5/5
   148 | D        | Reached XP level 3. HP: 2/19 MP: 8/8
   198 | D        | Found a glowing silver altar of Zin.
   198 | D        | Found a glowing golden altar of the Shining One.
   198 | D        | Found an ancient bone altar of Kikubaaqudgha.
   198 | D        | Found a basalt altar of Yredelemnul.
   198 | D        | Found a shimmering altar of Xom.
   198 | D        | Found a radiant altar of Vehumet.
   198 | D        | Found an iron altar of Okawaru.
   199 | D        | Found a burning altar of Makhleb.
   200 | D        | Found a deep blue altar of Sif Muna.
   201 | D        | Found a bloodstained altar of Trog.
   202 | D        | Found a sparkling altar of Nemelex Xobeh.
   203 | D        | Found a white marble altar of Elyvilon.
   204 | D        | Found a roughly hewn altar of Beogh.
   205 | D        | Found a viscous altar of Jiyva.
   206 | D        | Became a worshipper of Vehumet
   207 | D        | Found a corrupted altar of Lugonu.
   208 | D        | Found a blossoming altar of Fedhas.
   209 | D        | Found a snail-covered altar of Cheibriados.
   210 | D        | Found a shadowy altar of Dithmenos.
   211 | D        | Found a stormy altar of Qazlal.
   212 | D        | Found an opulent altar of Gozag.
   242 | D        | Learned a level 2 spell: Sticks to Snakes
   246 | D        | Learned a level 3 spell: Spider Form
   299 | D        | Noticed a killer bee
   299 | D        | Noticed an ogre
   299 | D        | Noticed a giant frog
   300 | D        | Killed a killer bee
   300 | D        | Reached skill level 5 in Spellcasting
   300 | D        | Reached XP level 4. HP: 22/22 MP: 0/16
   300 | D        | Acquired Vehumet's first power
   300 | D        | Offered knowledge of Freeze by Vehumet.
   303 | D        | Killed an ogre
   303 | D        | Reached skill level 8 in Spellcasting
   303 | D        | Reached XP level 5. HP: 25/25 MP: 1/21
   309 | D        | Killed a giant frog
   309 | D        | Reached skill level 9 in Spellcasting
   323 | D        | Learned a level 4 spell: Ice Form
   329 | D        | Learned a level 5 spell: Blade Hands
   330 | D        | Noticed a cyclops
   330 | D        | Noticed a hill giant
   330 | D        | Noticed a crocodile
   330 | D        | Noticed a shadow
   333 | D        | Killed a cyclops
   333 | D        | Gained mutation: You are covered in thick fur (AC +2). [growing up]
   333 | D        | Gained mutation: You can jump attack at a medium distance. [growing up]
   333 | D        | Reached XP level 6. HP: 25/30 MP: 4/25
   333 | D        | Reached XP level 7. HP: 27/33 MP: 4/26
   334 | D        | Killed a hill giant
   334 | D        | Reached skill level 11 in Unarmed Combat
   334 | D        | Reached XP level 8. HP: 30/36 MP: 8/27
   334 | D        | Killed a crocodile
   343 | D        | Killed a shadow
   343 | D        | Acquired Vehumet's second power
   343 | D        | Reached skill level 12 in Unarmed Combat
   343 | D        | Reached skill level 10 in Transmutations
   354 | D        | Noticed a trapdoor spider
   359 | D        | Killed a trapdoor spider
   500 | D        | Noticed a hound
   500 | D        | Noticed a giant frog
   500 | D        | Noticed an iguana
   500 | D        | Noticed a porcupine
   500 | D        | Noticed a spiny frog
   500 | D        | Noticed a crocodile
   502 | D        | Killed a hound
   502 | D        | Offered knowledge of Throw Frost by Vehumet.
   502 | D        | Reached skill level 1 in Stealth
   507 | D        | Killed a giant frog
   507 | D        | Acquired Vehumet's third power
   514 | D        | Killed an iguana
   514 | D        | Reached skill level 5 in Dodging
   516 | D        | Killed a porcupine
   532 | D        | HP: 2/43 [spiny frog (16)]
   533 | D        | Killed a spiny frog
   533 | D        | Reached XP level 9. HP: 2/40 MP: 24/29
   535 | D        | Killed a crocodile
   567 | D        | Learned a level 2 spell: Throw Frost
   832 | D        | Noticed a hippogriff
   832 | D        | Noticed a black mamba
   832 | D        | Noticed a yak
   832 | D        | Noticed a porcupine
   832 | D        | Noticed a porcupine
   836 | D        | Killed a hippogriff
   836 | D        | Offered knowledge of Throw Flame by Vehumet.
   836 | D        | Reached skill level 5 in Fighting
   836 | D        | Reached skill level 5 in Stealth
   838 | D        | Killed a black mamba
   847 | D        | Killed a yak
   851 | D        | Killed a porcupine
   856 | D        | Killed a porcupine
   867 | D        | Noticed a black mamba
   883 | D        | Killed a black mamba
  1026 | D        | Noticed a yak
  1026 | D        | Noticed a yak
  1026 | D        | Noticed a death yak
  1026 | D        | Noticed a death yak
  1026 | D        | Noticed a death yak
  1026 | D        | Noticed a death yak
  1026 | D        | Noticed a death yak
  1027 | D        | Noticed a death yak
  1034 | D        | Killed a death yak
  1034 | D        | Offered knowledge of Sticky Flame by Vehumet.
  1042 | D        | Learned a level 4 spell: Sticky Flame
  1370 | D        | Killed a death yak
  1370 | D        | Offered knowledge of Lightning Bolt by Vehumet.
  1370 | D        | Reached XP level 10. HP: 12/49 MP: 28/30
  1418 | D        | Learned a level 5 spell: Lightning Bolt
  1629 | D        | Killed a death yak
  1629 | D        | Offered knowledge of Ignite Poison by Vehumet.
  1641 | D        | Slain by a death yak
  1642 | D        | Reached XP level 9. HP: -4/55 MP: 18/29
  1643 | D        | Killed a death yak
  1643 | D        | Reached skill level 13 in Dodging
  1650 | D        | Killed a death yak
  1650 | D        | Reached skill level 14 in Dodging
  1946 | D        | Killed a yak
  1946 | D        | Reached skill level 15 in Dodging
  1954 | D        | Killed a death yak
  1954 | D        | Reached skill level 16 in Dodging
  1954 | D        | Reached XP level 10. HP: 49/49 MP: 25/30
  1957 | D        | Killed a yak
  2077 | D        | Noticed Josephine
  2137 | D        | Killed Josephine
  2137 | D        | Reached skill level 10 in Spellcasting
  2177 | D        | Offered knowledge of Bolt of Draining by Vehumet.
  2215 | D        | Noticed an orc priest
  2215 | D        | Noticed an orc wizard
  2215 | D        | Noticed an orc wizard
  2215 | D        | Noticed an orc wizard
  2215 | D        | Noticed an orc wizard
  2216 | D        | Noticed an orc wizard
  2217 | D        | Killed an orc priest
  2219 | D        | Killed an orc wizard
  2221 | D        | Noticed an orc priest
  2222 | D        | Noticed an orc priest
  2224 | D        | Killed an orc wizard
  2227 | D        | Killed an orc wizard
  2227 | D        | Reached skill level 1 in Air Magic
  2228 | D        | Noticed an orc warrior
  2230 | D        | Killed an orc wizard
  2232 | D        | Killed an orc wizard
  2237 | D        | Killed an orc priest
  2244 | D        | Killed an orc warrior
  2246 | D        | Killed an orc priest
  2471 | D        | Noticed an orc sorcerer
  2471 | D        | Noticed an orc warrior
  2471 | D        | Noticed an orc warrior
  2471 | D        | Noticed an orc warrior
  2471 | D        | Noticed an orc knight
  2471 | D        | Noticed an orc knight
  2471 | D        | Noticed an orc knight
  2472 | D        | Noticed an orc warrior
  2474 | D        | Killed an orc sorcerer
  2476 | D        | Killed an orc warrior
  2476 | D        | Offered knowledge of Force Lance by Vehumet.
  2483 | D        | Noticed an orc warrior
  2483 | D        | Killed an orc knight
  2502 | D        | Killed an orc knight
  2746 | D        | Killed an orc warrior
  2803 | D        | Killed an orc knight
  2816 | D        | Killed an orc warrior
  2870 | D        | Killed an orc warrior
  2875 | D        | Slain by an orc warrior
  2876 | D        | Reached XP level 9. HP: -3/55 MP: 17/32
  2876 | D        | Killed an orc warrior
  2876 | D        | Reached XP level 10. HP: 49/49 MP: 33/33
  2900 | D        | Noticed an orc warrior
  2901 | D        | Noticed an orc warrior
  2907 | D        | Killed an orc warrior
  2907 | D        | Offered knowledge of Ozocubu's Refrigeration by Vehumet.
  2909 | D        | Killed an orc warrior
  2930 | D        | Noticed an orc warrior
  2937 | D        | Killed an orc warrior
  3034 | D        | Upgraded the game from 0.16-a0-38-g23a437e to 0.16-a0-44-gd96af6c
  3037 | D        | Found Stoukoy's Magic Scroll Emporium.
  3037 | D        | Noticed an orc high priest
  3037 | D        | Noticed an orc high priest
  3037 | D        | Noticed an orc priest
  3037 | D        | Noticed an orc high priest
  3037 | D        | Noticed an orc priest
  3037 | D        | Noticed an orc high priest
  3038 | D        | Found Avuabob's Jewellery Shoppe.
  3039 | D        | Noticed an orc priest
  3044 | D        | Killed an orc high priest
  3044 | D        | HP: 2/49 [orc priest/divine providence (15)]
  3215 | D        | Killed an orc high priest
  3241 | D        | Killed an orc priest
  3283 | D        | Killed an orc high priest
  3584 | D        | Killed an orc priest
  3601 | D        | Noticed a sixfirhy
  3601 | D        | Noticed a sixfirhy
  3601 | D        | Killed an orc high priest
  3986 | D        | Killed an orc priest
  4002 | D        | Found Fuser's General Store.
  4003 | D        | Noticed an orc priest
  4019 | D        | Killed an orc priest
  4019 | D        | Offered knowledge of Orb of Destruction by Vehumet.
  4019 | D        | Reached skill level 10 in Fighting
  4032 | D        | Learned a level 7 spell: Orb of Destruction
  4034 | D        | Noticed an orc high priest
  4035 | D        | Noticed an orc priest
  4047 | D        | Noticed an orc priest
  4047 | D        | Killed an orc high priest
  4049 | D        | Killed an orc priest
  4057 | D        | Killed an orc priest
  4058 | D        | Found Wiup's General Store.
  4085 | D        | Noticed an orc high priest
  4113 | D        | Killed an orc high priest
  4113 | D        | Reached XP level 11. HP: 18/54 MP: 34/34
  4141 | D        | Noticed an orc priest
  4146 | D        | Killed an orc priest
  4348 | D        | Bought a scroll of fear for 49 gold pieces
  4348 | D        | Bought 2 scrolls of fog for 56 gold pieces
  4348 | D        | Bought a potion of resistance for 98 gold pieces
  4348 | D        | Bought a potion of might for 35 gold pieces
  4351 | D        | Bought a scroll of identify for 28 gold pieces
  4351 | D        | Bought a scroll of silence for 105 gold pieces
  4351 | D        | Bought a potion of agility for 35 gold pieces
  4356 | D        | Bought a scroll of immolation for 49 gold pieces
  4356 | D        | Bought a scroll of magic mapping for 49 gold pieces
  4356 | D        | Bought a scroll of immolation for 49 gold pieces
  4356 | D        | Bought a scroll of amnesia for 49 gold pieces
  4356 | D        | Bought a scroll of recharging for 133 gold pieces
  4356 | D        | Bought 2 scrolls of identify for 56 gold pieces
  4356 | D        | Bought a scroll of holy word for 105 gold pieces
  4359 | D        | Bought an uncursed ring of wizardry for 390 gold pieces
  4429 | D        | Noticed Erolcha
  4444 | D        | Killed Erolcha
  4529 | D        | Noticed a giant frog
  4529 | D        | Noticed a yaktaur
  4529 | D        | Noticed a giant frog
  4529 | D        | Noticed a spriggan
  4529 | D        | Noticed an ogre mage
  4529 | D        | Noticed a slime creature
  4529 | D        | Noticed a vampire
  4531 | D        | a spriggan changed into an elf
  4532 | D        | Killed a giant frog
  4532 | D        | Killed a slime creature
  4532 | D        | Offered knowledge of Poisonous Cloud by Vehumet.
  4533 | D        | Killed a giant frog
  4533 | D        | Killed a yaktaur
  4533 | D        | Killed an ogre mage
  4533 | D        | Reached skill level 15 in Unarmed Combat
  4534 | D        | Noticed an unseen horror
  4534 | D        | Killed a vampire
  4536 | D        | Noticed a deep troll earth mage
  4538 | D        | Noticed a stone giant
  4541 | D        | Killed an unseen horror
  4542 | D        | Noticed a vampire
  4545 | D        | Noticed a green ugly thing
  4584 | D        | Killed a deep troll earth mage
  4584 | D        | Reached skill level 15 in Spellcasting
  4671 | D        | Killed a stone giant
  4698 | D        | Killed a vampire
  4714 | D        | Noticed a rakshasa
  4716 | D        | Noticed a rakshasa
  4719 | D        | Noticed a fire giant
  4725 | D        | Killed a green ugly thing
  4727 | D        | Killed a green ugly thing
  4751 | D        | Killed a rakshasa
  4752 | D        | HP: 2/54 [fire giant (illusionary)/great sword of flaming (21)]
  4752 | D        | Slain by a fire giant (illusionary)
  4753 | D        | Reached XP level 10. HP: -3/51 MP: 10/35
  4760 | D        | Slain by a fire giant (illusionary)

Action                   |  1- 3 |  4- 6 |  7- 9 | 10-12 || total
-------------------------+-------+-------+-------+-------++-------
Melee: Unarmed           |    37 |     5 |    77 |   183 ||   302
 Cast: Beastly Appendage |     2 |     2 |       |       ||     4
       Sticks to Snakes  |     3 |       |     5 |     2 ||    10
       Ice Form          |       |       |     4 |    11 ||    15
       Blade Hands       |       |       |     4 |     7 ||    11
       Throw Frost       |       |       |     5 |    10 ||    15
       Sticky Flame      |       |       |     2 |    19 ||    21
       Spider Form       |       |       |     1 |     2 ||     3
       Lightning Bolt    |       |       |       |    18 ||    18
Evoke: Wand              |       |     5 |     2 |       ||     7
  Use: Potion            |     4 |       |     1 |     6 ||    11
       Scroll            |       |       |     1 |     3 ||     4
 Stab: Sleeping          |     1 |       |     1 |     4 ||     6
       Distracted        |       |       |     1 |       ||     1
  Eat: Chunk             |     6 |       |    10 |    11 ||    27
